 Dungeon Crawl Stone Soup version 0.32-a0-22-g6ae6769602 (webtiles) character file.

Game seed: 15023164089799808846

20 senseless the Trooper (level 2, -2/33 HPs)
             Began as an Oni Fighter on Jan 18, 2024.
             Killed from afar by Ijyb (9 damage)
             ... with a puff of flame
             ... on level 2 of the Dungeon.
             The game lasted 00:01:20 (689 turns).

senseless the Trooper (Oni Fighter)                  Turns: 689, Time: 00:01:21

Health: -2/33      AC:  3    Str: 19    XL:     2   Next: 79%
Magic:  2/2        EV:  8    Int:  9    God:
Gold:   33         SH:  7    Dex:  8    Spells: 1/1 levels left

rFire   . . .        a - +0 flail
rCold   . . .        c - +0 kite shield
rNeg    . . .        b - +0 robe
rPois   .            (helmet restricted)
rElec   .            (no cloak)
rCorr   .            (gloves unavailable)
SInv    .            (boots unavailable)
Will    .....        (no amulet)
Stlth   +            (no ring)
HPRegen 0.25/turn    (no ring)
MPRegen 0.08/turn

%: no passive effects
@: no status effects
A: large, unfitting armour, horns 1, tough skin 1, double potion healing,
drunken brawling
a: no special abilities


You were on level 2 of the Dungeon.
You visited 1 branch of the dungeon, and saw 2 of its levels.

You collected 33 gold pieces.

Inventory:

Hand Weapons
 a - a +0 flail (weapon)
Armour
 b - a +0 robe (worn)
 c - a +0 kite shield (worn)
Scrolls
 e - a scroll of immolation {unknown}
 g - a scroll of identify {unknown}
 h - a scroll of teleportation {unknown}
 i - a scroll of enchant armour {unknown}
Potions
 d - a potion of might


   Skills:
 + Level 4.4 Fighting
 + Level 2.4 Maces & Flails
 + Level 3.0 Dodging
 - Level 2.7 Shields


You had one spell level left.
You didn't know any spells.
Your spell library was empty.

Dungeon Overview and Level Annotations

Branches:
Dungeon (2/15)

Altars:

Annotations:
D:2 Ijyb


Innate Abilities, Weirdness & Mutations

You are too large for most types of armour.
You have a pair of small horns on your head.
You have tough skin. (AC +1)
You gain doubled healing and magic from potions.
Whenever you drink a healing potion, you attack all around you.


Message History

Ijyb is heavily wounded.
Ijyb hits you but does no damage. You block the goblin's attack.
The goblin closely misses you. You block the goblin's attack.
The goblin hits you with a +0 dagger.
* * * LOW HITPOINT WARNING * * *
Ijyb hits you with a +0 club.
* * * LOW HITPOINT WARNING * * *
You block the goblin's attack. The goblin hits you but does no damage.
The goblin barely misses you. The goblin closely misses you.
You closely miss Ijyb.
Ijyb is heavily wounded.
The goblin hits you but does no damage. You block the goblin's attack. x2
Ijyb hits you but does no damage. The goblin hits you with a +0 club.
* * * LOW HITPOINT WARNING * * *
You take a swig of the potion and twirl your +0 flail.
You hit Ijyb but do no damage.
Ijyb is heavily wounded.
You hit the goblin.
You kill the goblin!
You sock the goblin!
You kill the goblin!
You barely miss the goblin. You hit the goblin.
The goblin is severely wounded.
It was a potion of heal wounds.
You savour every drop.
You feel much better.
Ijyb zaps a wand.
The puff of flame hits you! The goblin hits you with a +0 club. x2
Your Dodging skill increases to level 3!
You completely miss Ijyb. Your headbutt misses Ijyb.
Ijyb is heavily wounded.
Ijyb zaps a wand.
The puff of flame hits you! The goblin hits you but does no damage.
The goblin hits you with a +0 club.
* * * LOW HITPOINT WARNING * * *
The goblin hits you with a +0 club.
* * * LOW HITPOINT WARNING * * *
You block the goblin's attack. You block Ijyb's attack.
The goblin closely misses you. You block the goblin's attack.
You hit Ijyb.
Ijyb is severely wounded.
Ijyb zaps a wand.
The puff of flame hits you!
You die...

#..$.%..#
#8.....8#
#.......#
#8.....8#
#.......#
#8.....8# #
#ggg....#
..#####8@)...8#
....$....g......
..#............#
#.#..<#.....?. #
#####.####.# .#
. ##


You could see Ijyb and 3 goblins.

Vanquished Creatures
  An endoplasm (D:1)
  A giant cockroach (D:1)
  5 goblins
  3 hobgoblins (D:1)
  2 kobolds (D:1)
  2 quokkas (D:1)
  2 ball pythons (D:1)
16 creatures vanquished.

Notes
Turn   | Place    | Note
-------+----------+-------------------------------------------
     0 | D:1      | senseless the Oni Fighter began the quest for the Orb.
     0 | D:1      | Reached XP level 1. HP: 24/24 MP: 1/1
   284 | D:1      | Reached XP level 2. HP: 26/32 MP: 2/2
   676 | D:2      | Noticed Ijyb
   686 | D:2      | HP: 1/33 [goblin/+0 club (2)]
   689 | D:2      | Killed from afar by Ijyb

Illustrated notes

Levels and vault maps discovered:
D:1:      lightli_iron_boxes, layout_loops_cross
D:2:      kennysheep_the_goblin_king, layout_basic, basic_altar

Skill      XL: |  1  2 |
---------------+-------+-----
Dodging        | 3 |  3.0
Fighting       | |  4.4
Maces & Flails | |  2.4
Shields        | |  2.7

Action                     || total
---------------------------++-------
  Melee: Flail             ||    39
         Headbutt          ||     3
    Use: Potion            ||     1
 Armour: Robe              ||    49
  Dodge: Dodged            ||    21
  Block: Kite shield       ||    24

Table legend: (Time is in decaauts)
 A = Elapsed time spent in this place.
 B = Non-inter-level travel time spent in this place.
 C = Inter-level travel time spent in this place.
 D = Time resting spent in this place.
 E = Time spent auto-exploring this place.
 F = Levels seen in this place.
 G = Mean time per level.
                   A        B        C        D        E       F      G
               +--------+--------+--------+--------+--------+-----+--------+
         Total |    705 |    696 |      9 |      0 |    592 |   2 |  352.5 |
       Dungeon |    705 |    696 |      9 |      0 |    592 |   2 |  352.5 |
               +--------+--------+--------+--------+--------+-----+--------+

Top non-repeatable levels by time:
     D:1: 686 daAuts
     D:2: 18 daAuts
